 Dungeon Crawl Stone Soup version 0.19.0-2-gae57169 (webtiles) character file.

4769 sugabear the Cutter (level 10, -4/51 HPs)
             Began as a Vine Stalker Gladiator on Nov 4, 2016.
             Was a Priest of Okawaru.
             Slain by an orc knight
             ... wielding a +0 dire flail
              (14 damage)
             ... on level 9 of the Dungeon.
             The game lasted 00:14:04 (8008 turns).

sugabear the Cutter (Vine Stalker Gladiator)        Turns: 8008, Time: 00:14:05

Health: -4/51      AC: 14    Str: 26    XL:     10   Next: 47%
Magic:  0/14       EV: 12    Int: 10    God:    Okawaru [***...]
Gold:   492        SH:  0    Dex: 20    Spells: 0 memorised, 9 levels left

rFire  + + .     SeeInvis .     j - +2 dagger (speed)
rCold  . . .     Gourm    .     O - +0 chain mail (curse)
rNeg   + . .     Faith    .     (no shield)
rPois  .         Spirit   +     c - +0 helmet
rElec  +         Reflect  .     (no cloak)
rCorr  .         Harm     .     h - +2 pair of gloves
MR     ++...                    (no boots)
Stlth  ..........               (no amulet)
                                V - ring of the Ban {rElec rN+ MR+ Str+8}
                                K - ring "Boqiasar" {+Fly rF++ Dex+4}

@: no status effects
A: fangs 3, regeneration 1, magic shield, antimagic bite, no device heal 3, rot
immunity
a: Heroism, Renounce Religion, Evoke Flight


You were on level 9 of the Dungeon.
You worshipped Okawaru.
Okawaru was most pleased with you.
You were not hungry.

You visited 2 branches of the dungeon, and saw 10 of its levels.
You also visited: Sewer.

You collected 492 gold pieces.

Inventory:

Hand Weapons
 j - a +2 dagger of speed (weapon)
 N - a +0 dagger of flaming
 R - a +1 dagger of holy wrath
Missiles
 d - 2 throwing nets (quivered)
Armour
 c - a +0 helmet (worn)
 h - a +2 pair of gloves (worn)
 D - a +0 ring mail
 O - a cursed +0 chain mail (worn)
Jewellery
 p - a +4 ring of dexterity
 t - a +2 ring of strength
 A - an uncursed ring of positive energy
 I - an uncursed ring of positive energy
 K - the ring "Boqiasar" (left hand) {+Fly rF++ Dex+4}
   (You found it on level 6 of the Dungeon)

   [ring of flight]

   It affects your dexterity (+4).
   It greatly protects you from fire.
   It lets you fly.
 P - an uncursed ring of wizardry
 S - an uncursed ring of see invisible
 U - an uncursed ring of stealth
 V - the ring of the Ban (right hand) {rElec rN+ MR+ Str+8}
   (You found it on level 9 of the Dungeon)

   [ring of positive energy]

   It affects your strength (+8).
   It insulates you from electricity.
   It protects you from negative energy.
   It affects your resistance to hostile enchantments.
Wands
 G - a wand of digging (5/24)
 H - a wand of lightning (11/15)
 M - a wand of paralysis (2/24)
Scrolls
 a - 2 scrolls of immolation {unknown}
 i - 16 scrolls of identify {unknown}
 m - 2 scrolls of magic mapping {unknown}
 n - 5 scrolls of blinking {unknown}
 o - 3 scrolls of remove curse {unknown}
 q - 4 scrolls of enchant weapon {unknown}
 r - a scroll of noise {unknown}
 x - 2 scrolls of recharging {unknown}
 y - 3 scrolls of fog {unknown}
 z - 2 scrolls of amnesia {unknown}
 B - 7 scrolls of teleportation {unknown}
 F - a scroll of enchant armour {unknown}
 L - 2 scrolls of fear {unknown}
Potions
 b - 5 potions of haste {unknown}
 e - a potion of agility {unknown}
 s - 4 potions of flight {unknown}
 u - a potion of mutation {unknown}
 v - 3 potions of magic {unknown}
 w - a potion of degeneration {unknown}
 C - 5 potions of brilliance {unknown}
 E - 4 potions of curing {unknown}
 Q - a potion of might {unknown}
Miscellaneous
 J - a lamp of fire
Comestibles
 f - 8 bread rations
 g - 2 beef jerkies
 k - 10 royal jellies
 l - 6 meat rations
 T - a slice of pizza
 W - 3 chunks of flesh


   Skills:
 + Level 5.4 Fighting
 + Level 7.7 Short Blades
   Level 4.2 Polearms
 + Level 1.9 Throwing
 + Level 5.5 Armour
 + Level 5.0 Dodging
 + Level 4.7 Stealth
 * Level 4.1 Invocations
 + Level 0.3 Evocations


You had 9 spell levels left.
You didn't know any spells.

Dungeon Overview and Level Annotations

Branches:
Dungeon (9/15)             Temple (0/1) D:7            Lair (0/6) D:9
    Orc (1/2) D:9

Altars:
Okawaru
Qazlal
Sif Muna
Xom

Shops:
D:8 *


Innate Abilities, Weirdness & Mutations

You have razor-sharp teeth.
Your natural rate of healing is unusually fast.
When hurt, damage is shared between your health and your magic reserves.
Your bite disrupts and absorbs the magic of your enemies.
Potions and wands cannot restore your health.
You are immune to rotting.


Message History

You start resting.
Eating one of 4 chunks of flesh.
You start eating one of the 4 chunks of flesh.
This raw flesh tastes terrible.
HP restored.
There is a staircase to the Orcish Mines here.
You climb downwards.
Welcome to the Orcish Mines!
The ogre shouts!
The ogre hits you with a giant spiked club.
The orc knight hits you with a dire flail!
There is a staircase back to the Dungeon, spattered with blood here.
The ogre hits you with a giant spiked club!!
The orc priest mumbles some strange prayers to Beogh against you.
Beogh smites you!
* * * LOW HITPOINT WARNING * * *
The orc knight hits you with a dire flail!
* * * LOW HITPOINT WARNING * * *
You climb upwards.
Welcome back to the Dungeon!
There is a staircase to the Orcish Mines here.
The orc knight hits you with a dire flail!!
You die...

.....# #........# #.# .....#
#........### #.# .....#
####.......# #.. ...>.#####
######.## ### .##.(....#
#.#############
.........##########...)..........
.....(...##......)..#############
...#.######....oO...#
...#.#....#.....@...#
##.#.#.##.#.........#
#.#.#.##.#.........#
##.#.#.##...........#
.#.#................#
P#.#..............>.#####
P#.#.......#+###........#
##.........#.###........#
##.........#...'..<.....#


You could see an orc knight and an ogre.

Vanquished Creatures
  A hippogriff (D:7)
  A wyvern (D:9)
  Duvessa (D:7)
  3 orc warriors
  2 ice beasts
  A sky beast (D:6)
  A phantom (D:4)
  6 ogres
  2 centaurs
  Blork the orc (D:5)
  4 bullfrogs
  7 big kobolds
  Dowan (D:7)
  3 scorpions
  3 killer bees (D:9)
  8 howler monkeys
  A centaur zombie (D:8)
  A crimson imp (D:7)
  6 jellies
  14 orc wizards
  2 hounds
  10 orc priests
  A centaur skeleton (D:3)
  A bullfrog skeleton (D:7)
  An iguana (D:5)
  Terence (D:3)
  A worker ant (D:4)
  A hound skeleton (D:5)
  A howler monkey zombie (D:7)
  A howler monkey skeleton (D:4)
  13 adders
  5 river rats
  A shadow imp (D:9)
  10 oozes
  2 adder skeletons
  10 worms
  3 dart slugs
  2 leopard geckos
  27 orcs
  10 giant cockroaches
  12 goblins
  8 hobgoblins
  12 jackals
  16 kobolds
  3 quokkas
  5 ball pythons
  6 bats
  4 frilled lizards
  A quokka skeleton (D:7)
  14 rats
  3 plants (D:9)
254 creatures vanquished.

Notes
Turn   | Place    | Note
-------+----------+-------------------------------------------
     0 | D:1      | sugabear the Vine Stalker Gladiator began the quest for the Orb.
     0 | D:1      | Reached XP level 1. HP: 11/11 MP: 2/2
   115 | D:1      | Reached XP level 2. HP: 14/15 MP: 3/3
   287 | D:1      | Reached skill level 3 in Short Blades
   295 | D:1      | Reached XP level 3. HP: 13/18 MP: 4/4
  1002 | D:2      | Gained mutation: Your natural rate of healing is unusually fast. [Vine Stalker growth]
  1002 | D:2      | Reached XP level 4. HP: 23/23 MP: 5/5
  1233 | D:3      | Noticed Terence
  1266 | D:3      | Killed Terence
  1266 | D:3      | Reached XP level 5. HP: 4/27 MP: 3/6
  1931 | D:3      | Reached skill level 1 in Stealth
  1977 | D:3      | Reached skill level 1 in Armour
  1990 | D:3      | Reached skill level 4 in Short Blades
  2224 | D:4      | Reached XP level 6. HP: 32/32 MP: 7/7
  2607 | D:4      | Noticed a phantom
  2647 | D:4      | Killed a phantom
  2647 | D:4      | Reached XP level 7. HP: 17/36 MP: 6/8
  2978 | D:5      | Entered Level 5 of the Dungeon
  2998 | D:5      | Got a steaming spear
  3000 | D:5      | Identified the +3 spear of Fate {pierce, Dex+5} (You found it on level 5 of the Dungeon)
  3048 | D:5      | Reached skill level 5 in Short Blades
  3139 | D:5      | Noticed Blork the orc
  3155 | D:5      | Killed Blork the orc
  3394 | D:6      | Reached skill level 1 in Polearms
  3472 | D:6      | HP: 1/36 [orc priest/divine providence (11)]
  3566 | D:6      | Gained mutation: You have razor-sharp teeth. [Vine Stalker growth]
  3566 | D:6      | Reached XP level 8. HP: 11/40 MP: 9/9
  3645 | D:6      | Found a glowing drain.
  3655 | Sewer    | Entered a sewer
  4215 | D:6      | Got a twitching pewter ring
  4643 | D:6      | Found a stormy altar of Qazlal.
  4720 | D:6      | Found an iron altar of Okawaru.
  4847 | D:6      | Identified the ring "Boqiasar" {+Fly rF++ Dex+4} (You found it on level 6 of the Dungeon)
  4850 | D:6      | Became a worshipper of Warmaster Okawaru
  5024 | D:7      | Reached XP level 9. HP: 43/45 MP: 10/10
  5059 | D:7      | Found a staircase to the Ecumenical Temple.
  5407 | D:7      | Reached skill level 1 in Invocations
  5540 | D:7      | Reached * piety under Okawaru
  5542 | D:7      | Noticed Dowan
  5544 | D:7      | Noticed Duvessa
  5585 | D:7      | Killed Duvessa
  5606 | D:7      | Killed Dowan
  5606 | D:7      | Reached skill level 6 in Short Blades
  5961 | D:8      | Found a shimmering altar of Xom.
  6000 | D:8      | Reached ** piety under Okawaru
  6182 | D:8      | Reached skill level 5 in Fighting
  6182 | D:8      | Reached skill level 5 in Armour
  6182 | D:8      | Reached XP level 10. HP: 51/51 MP: 13/13
  6542 | D:8      | Found a shimmering altar of Xom.
  6542 | D:8      | Found a deep blue altar of Sif Muna.
  6678 | D:8      | Reached skill level 7 in Short Blades
  6690 | D:8      | Reached skill level 5 in Dodging
  6720 | D:8      | Found Fatrax's General Store.
  7010 | D:9      | Found a staircase to the Orcish Mines.
  7177 | D:9      | Reached *** piety under Okawaru
  7403 | D:9      | Found a staircase to the Lair.
  7602 | D:9      | Got a translucent granite ring
  7604 | D:9      | Identified the ring of the Ban {rElec rN+ MR+ Str+8} (You found it on level 9 of the Dungeon)
  7939 | Orc:1    | Entered Level 1 of the Orcish Mines
  7948 | Orc:1    | Noticed an orc knight
  8008 | D:9      | Slain by an orc knight

Skill      XL: |  1  2  3  4  5  6  7  8  9 10 |
---------------+-------------------------------+-----
Fighting       | 2 3 4 5 |  5.4
Short Blades   | 3 4 5 6 7 |  7.7
Dodging        | 3 4 5 |  5.0
Stealth        | 1 2 3 4 |  4.7
Armour         | 1 2 3 5 |  5.5
Polearms       | 1 4 |  4.2
Invocations    | 3 4 |  4.1
Throwing       | |  1.9
Evocations     | |  0.3

Action                   |  1- 3 |  4- 6 |  7- 9 | 10-12 || total
-------------------------+-------+-------+-------+-------++-------
Melee: Rapier            |    10 |       |       |       ||    10
       Dagger            |   103 |   199 |   226 |   348 ||   876
       Bite              |    26 |    86 |   201 |   210 ||   523
       Spear             |       |       |   200 |       ||   200
       Short sword       |       |       |    65 |       ||    65
       Punch             |       |       |       |     2 ||     2
Throw: Throwing net      |       |       |     1 |       ||     1
Invok: Heroism           |       |       |       |     1 ||     1
 Abil: Evoke Flight      |       |       |       |     3 ||     3
Evoke: Wand              |       |       |       |     1 ||     1
 Stab: Sleeping          |       |     2 |     2 |       ||     4
       Held in net/web   |       |       |     1 |       ||     1
  Eat: Chunk             |       |     5 |     8 |     6 ||    19
       Pizza             |       |       |     2 |       ||     2
       Royal jelly       |       |       |     1 |       ||     1
Armor: Leather armour    |    26 |     3 |       |       ||    29
       Ring mail         |       |    39 |    67 |       ||   106
       Chain mail        |       |       |    70 |    62 ||   132
Dodge: Dodged            |    63 |    64 |   208 |    85 ||   420
